Map: Dusk Towers

Players

LilDicky - Winner!

  • Race: Zerg Zerg
  • League: Diamond

TentatvePnda

  • Race: Zerg Zerg

VOD

http://www.twitch.tv/tumescentpie

Description

Time

  • Played on: Dec. 25, 2015, 10:19 p.m.
  • Length: 21:28
Show
View Real Time Build Order
Export as new Build Order

LilDicky Zerg - Winner!

Build Orders: 3 Hatch before Pool, Lurkers 

Get SALT Encoding   

  12  0:01  Drone  
  13  0:13  Drone  
  14  0:34  Hatchery  
  13  0:38  Drone  
  14  0:47  Overlord  
  14  1:14  Hatchery  
  13  1:18  Drone  
  13  1:19  Drone  
  15  1:35  Spawning Pool  
  14  1:40  Drone  
  14  1:42  Drone  
  16  2:23  Drone x2  
  16  2:24  Drone x4  
  16  2:26  Spine Crawler  
  21  2:38  Hatchery  
  20  2:51  Queen  
  20  2:55  Queen  
  24  3:04  Queen  
  26  3:31  Queen  
  28  3:34  Extractor  
  28  3:35  Extractor  
  29  3:54  Evolution Chamber  
  25  4:01  Drone  
  25  4:02  Drone x9  
  35  4:09  Extractor  
  34  4:10  Drone x2  
  36  4:38  Spine Crawler  
  35  4:47  Drone  
  35  4:48  Drone x2, Queen  
  35  4:51  Lair  
  40  5:05  Overlord x2  
  40  5:10  Drone, Extractor  
  40  5:15  Spore Crawler  
  40  5:16  Spore Crawler  
  38  5:36  Spore Crawler  
  37  5:45  Drone x3  
  37  5:48  Extractor  
  37  5:49  Extractor  
  38  5:54  Spore Crawler  
  37  6:08  Queen  
  39  6:13  Drone x7  
  39  6:14  Drone x5  
  51  6:41  Spine Crawler  
  50  6:50  Spine Crawler  
  50  6:53  Drone, Hydralisk Den  
  50  6:54  Drone x7  
  56  6:55  Overlord  
  56  7:26  Drone  
  56  7:27  Drone x4  
  61  7:42  Drone x3  
  61  7:43  Overlord  
  61  7:44  Overlord x2  
  64  8:02  Overlord x5  
  64  8:18  Zerg Ground Armor Level 1  
  64  8:22  Hydralisk x2  
  64  8:23  Hydralisk x8  
  84  8:47  Hydralisk x7  
  84  8:48  Hydralisk  
  100  9:05  Drone  
  100  9:06  Drone x10  
  111  9:12  Lurker Den  
  111  9:42  Hydralisk  
  111  9:43  Hydralisk x3  
  111  9:45  Overlord x5  
  119  9:48  Drone  
  120  10:01  Hatchery  
  97  10:18  Hydralisk  
  97  10:19  Hydralisk  
  97  10:20  Hydralisk x14  
  121  10:45  Spine Crawler  
  121  10:46  Drone, Spine Crawler x2  
  121  10:47  Drone x10  
  121  10:49  Spine Crawler  
  128  10:57  Queen  
  128  11:02  Drone  
  131  11:12  Lurker x5  
  131  11:13  Lurker x5  
  141  11:22  Zerg Ground Armor Level 2  
  141  11:29  Infestation Pit  
  140  11:46  Extractor  
  140  11:47  Extractor  
  138  11:53  Overlord  
  138  11:54  Overlord x9  
  138  11:58  Hydralisk  
  138  11:59  Hydralisk x11  
  162  12:10  Hive  
  162  12:26  Hatchery  
  161  12:46  Hydralisk  
  161  12:47  Hydralisk x17  
  138  13:42  Hydralisk x3  
  138  13:43  Hydralisk x23  
  188  13:50  Lurker x6  
  188  13:52  Drone  
  188  13:53  Drone  
  196  13:57  Drone  
  196  13:58  Drone x3  
  200  14:26  Overlord  
  200  14:27  Overlord x13  
  184  15:05  Lurker  
  184  15:06  Lurker x6, Zergling x2  
  195  15:07  Zergling x16  
  200  15:15  Ultralisk Cavern  
  200  15:17  Spire  
  200  15:19  Zerg Ground Armor Level 3  
  198  15:53  Overseer  
  198  15:54  Overseer x7  
  199  16:04  Lurker  
  173  16:50  Lurker  
  173  16:51  Lurker x13  
  187  17:01  Hatchery  
  187  17:02  Hatchery  
  157  17:25  Extractor  
  157  17:26  Hatchery  
  157  17:27  Extractor  
  151  17:46  Pneumatized Carapace  
  151  17:49  Chitinous Plating, Muscular Augments  
  151  17:53  Ultralisk  
  157  18:20  Hatchery  
  157  18:23  Infestor x2  
  160  18:41  Lurker  
  150  19:21  Ultralisk  
  150  19:22  Ultralisk x2  
  150  19:37  Extractor  
  150  19:41  Extractor  
  150  20:37  Ultralisk  
  150  20:38  Ultralisk x4  
  150  21:24  Hatchery  
Show
View Real Time Build Order
Export as new Build Order

TentatvePnda Zerg 

Build Orders: Hatch First, Lurkers 

Get SALT Encoding   

  12  0:01  Drone  
  13  0:08  Drone  
  14  0:35  Hatchery  
  13  0:37  Drone  
  14  0:45  Overlord  
  14  1:04  Spawning Pool  
  13  1:11  Drone x2  
  15  1:12  Drone  
  16  1:22  Drone  
  17  1:26  Extractor  
  17  1:32  Drone  
  17  1:44  Drone  
  18  1:50  Queen  
  18  1:51  Queen  
  22  1:55  Zergling x2  
  22  1:57  Drone  
  22  1:59  Drone  
  25  2:06  Overlord  
  25  2:28  Drone x2  
  27  2:32  Drone x3  
  30  2:41  Overlord  
  30  2:42  Baneling Nest  
  30  2:43  Overlord  
  29  2:52  Drone  
  29  2:53  Drone  
  31  3:00  Drone x3  
  31  3:03  Drone x2  
  31  3:04  Drone  
  36  3:20  Zergling x2  
  36  3:21  Zergling x2  
  36  3:22  Zergling x4  
  36  3:25  Baneling  
  40  3:27  Lair  
  40  3:30  Extractor  
  40  3:32  Drone x2  
  41  3:35  Drone x2  
  41  3:36  Zergling x2  
  41  3:38  Zergling x4  
  41  3:39  Baneling  
  41  3:40  Baneling  
  46  3:41  Baneling  
  46  3:44  Baneling  
  46  4:02  Drone  
  47  4:03  Drone x2, Overlord  
  47  4:04  Overlord  
  47  4:08  Extractor  
  47  4:09  Extractor  
  47  4:10  Drone x2, Overlord  
  47  4:11  Zergling x4  
  51  4:26  Overseer  
  51  4:31  Metabolic Boost  
  51  4:36  Drone x3  
  54  4:39  Drone x3  
  54  4:45  Evolution Chamber x2, Drone x2  
  57  4:46  Overlord  
  57  4:47  Zergling x4  
  57  4:48  Centrifical Hooks  
  57  4:51  Baneling x2  
  59  5:22  Overseer  
  59  5:25  Spore Crawler  
  59  5:27  Spore Crawler  
  57  5:32  Spore Crawler  
  57  5:34  Spore Crawler  
  57  5:35  Zerg Missile Weapons Level 1, Zerg Ground Armor Level 1  
  55  5:41  Roach Warren  
  54  5:46  Spore Crawler  
  54  5:48  Drone x3  
  54  5:49  Drone, Overlord  
  57  5:52  Drone  
  57  5:53  Drone  
  57  5:54  Overlord  
  57  5:55  Hatchery, Zergling x4  
  60  6:02  Drone  
  62  6:04  Zergling x6  
  64  6:51  Roach x4  
  64  6:52  Roach x7  
  86  7:00  Spore Crawler  
  86  7:01  Hydralisk Den  
  85  7:08  Drone  
  85  7:09  Queen  
  87  7:19  Nydus Network  
  87  7:20  Ravager x4  
  87  7:21  Ravager x4  
  94  7:24  Zergling x4  
  94  7:25  Roach x4  
  104  7:35  Glial Reconstitution  
  104  7:43  Overlord x6  
  104  8:03  Hydralisk x5, Roach x4  
  104  8:04  Hydralisk x2  
  126  8:18  Ravager x2  
  128  9:05  Roach x6  
  128  9:06  Roach x6  
  152  9:15  Nydus Canal  
  152  9:46  Nydus Canal  
  152  9:50  Overseer  
  152  9:53  Overseer  
  135  10:18  Hydralisk x8  
  135  10:19  Hydralisk x3  
  142  10:21  Zerg Missile Weapons Level 2  
  142  10:39  Hatchery  
  142  10:40  Zerg Ground Armor Level 2  
  141  10:57  Hatchery  
  141  10:59  Extractor  
  141  11:00  Extractor  
  141  11:03  Muscular Augments  
  138  11:04  Hydralisk x2  
  138  11:06  Zergling x2  
  138  11:07  Zergling x6  
  138  11:08  Overlord x5  
  138  11:09  Overlord x2  
  146  11:38  Drone x6  
  146  11:39  Drone x5  
  157  11:51  Queen  
  157  11:52  Drone  
  157  11:53  Drone x4  
  164  12:05  Drone x4  
  164  12:06  Drone x3, Hydralisk x3  
  177  12:18  Lurker Den, Extractor  
  176  12:22  Extractor  
  176  12:25  Drone x2, Infestation Pit  
  176  12:27  Hydralisk  
  176  12:28  Hydralisk  
  180  12:30  Hydralisk  
  182  12:49  Overlord x2  
  182  12:50  Hydralisk x4  
  190  12:53  Hydralisk  
  192  13:01  Drone x2  
  192  13:03  Drone  
  141  13:33  Overseer  
  109  13:39  Extractor x2  
  99  13:48  Hydralisk  
  99  13:49  Hydralisk x7  
  99  13:50  Hydralisk x6  
  99  13:51  Hydralisk  
  99  13:53  Lurker  
  99  13:55  Lurker  
  131  13:56  Lurker  
  131  13:58  Lurker  
  133  14:04  Drone  
  133  14:09  Overseer  
  134  14:27  Lurker x4  
  134  14:28  Lurker x2  
  134  14:30  Hive  
  107  15:14  Overseer  
  107  15:33  Hydralisk x2  
  107  15:34  Hydralisk x8  
  107  15:35  Hydralisk x6  
  131  15:39  Queen  
  141  15:55  Hatchery  
  104  16:59  Hydralisk x5, Roach  
  104  17:00  Hydralisk x7  
  104  17:01  Hydralisk x4  
  133  17:24  Hatchery  
  119  18:04  Queen  
  119  18:05  Hydralisk x4  
  121  18:06  Hydralisk x4  
  121  18:07  Viper  
  121  18:08  Viper x3  
  121  18:09  Hydralisk x6  
  161  18:15  Lurker  
  161  18:16  Lurker x7  
  169  18:25  Lurker  
Tags
 
Add a new tag
Caveats
  • Supply blocks, unpowered buildings, or Contaminate may cause inaccurate times.
  • Supply counts are checked every 10 seconds.